 Dungeon Crawl Stone Soup version 0.31-a0-426-g3a05650e59 (webtiles) character file.

Game seed: 2077597743758694113

340787 Ofeo the End of an Era (level 21, -6/195 HPs)
             Began as a Demonspawn Shapeshifter on July 30, 2023.
             Was the Champion of Qazlal.
             Killed from afar by a quicksilver dragon (20 damage)
             ... with a bolt of dispelling energy
             ... on level 2 of the Abyss on July 31, 2023.
             The game lasted 01:23:44 (55548 turns).

Ofeo the End of an Era (Demonspawn Shapeshifter)   Turns: 55548, Time: 01:23:45

Health: -6/195     AC: 49    Str: 26    XL:     21   Next: 7%
Magic:  0/37       EV: 14    Int:  6    God:    Qazlal [******]
Gold:   3970       SH: 12    Dex: 12    Spells: 20/20 levels left

rFire   + . .        a - +9 flail of the Orcish Mines {freeze, Fly rC+ Str+2 Stlth-}
rCold   + . .        (no shield)
rNeg    + + +        F - +5 plate armour of Valiance {*Corrode rN++ MP+9 Stlth-}
rPois   +            K - +1 helmet {SInv}
rElec   .            Y - +0 cloak
rCorr   .            (gloves unavailable)
SInv    +            y - +3 pair of mountain boots {steadfast, rC+}
Will    +....        l - amulet of guardian spirit Stlth
                     A - ring of Music {Fire Contam rPois rN+ SInv}
HPRegen 0.52/turn    O - +4 ring of protection
MPRegen 0.25/turn

%: corrode self (3%), repel missiles, guardian spirit
@: protected from physical damage, flying, unable to read
A: slimy green scales 2, icemail 2, robust 1, condensation shield, demonic magic
2, demonic touch 3, [clumsy 2], [deterioration 2], dopey 1[+1], [low MP 2], [no
potion heal 2], [inability to read after injury 2]
}: 2/15 runes: barnacled, gossamer
a: Renounce Religion, Upheaval, Elemental Force, Disaster Area


You were on level 2 of the Abyss.
You worshipped Qazlal.
Qazlal was exalted by your worship.
You visited 7 branches of the dungeon, and saw 35 of its levels.
You visited the Abyss 1 time.
You visited 1 bazaar.
You also visited: Gauntlet.

You collected 6611 gold pieces.
You spent 2641 gold pieces at shops.

Inventory:

Hand Weapons
 a - the +9 flail of the Orcish Mines (weapon) {freeze, Fly rC+ Str+2 Stlth-}
   (You found it on level 9 of the Dungeon)

   Str:       It affects your strength (+2).
   rC:        It protects you from cold.
   Fly:       It grants you flight.
   Stlth:     It makes you less stealthy.
 b - a +5 demon whip of venom
Missiles
 n - 8 throwing nets
 p - 19 silver javelins
 L - 11 javelins
Armour
 y - the +3 pair of mountain boots (worn) {steadfast, rC+}
   (You found it in a Gauntlet)

   Steadfast: It prevents involuntary movement, except for blinking,
   teleportation, or banishment.
   rC:        It protects you from cold.
 F - the +5 plate armour of Valiance (worn) {*Corrode rN++ MP+9 Stlth-}
   (You found it on level 2 of the Lair of Beasts)

   rN:        It greatly protects you from negative energy.
   MP:        It affects your magic capacity (+9).
   *Corrode:  It may corrode you when you take damage.
   Stlth:     It makes you less stealthy.
 K - a +1 helmet of see invisible (worn)
 Y - a +0 cloak (worn)
Jewellery
 l - an amulet of guardian spirit (around neck)
 A - the ring of Music (left hand) {Fire Contam rPois rN+ SInv}
   (You found it in a Gauntlet)

   [ring of fire]

   It enhances your fire magic.
   rF:        It protects you from fire.
   rC:        It makes you vulnerable to cold.
   rPois:     It protects you from poison.
   rN:        It protects you from negative energy.
   SInv:      It lets you see invisible.
   Contam:    It causes magical contamination when unequipped.
 O - a +4 ring of protection (right hand)
 Q - an amulet of reflection
Wands
 j - a wand of flame (60)
 m - a wand of digging (3) {@v1}
 x - a wand of paralysis (30)
 D - a wand of iceblast (21) {@v4}
 E - a wand of mindburst (24)
 M - a wand of quicksilver (7)
Scrolls
 d - 5 scrolls of immolation
 e - a scroll of fog
 i - 24 scrolls of identify {@r1}
 o - 6 scrolls of noise
 r - 2 scrolls of blinking {@r4}
 t - 2 scrolls of amnesia
 w - 11 scrolls of teleportation {@r3}
 z - 8 scrolls of enchant armour
 C - 4 scrolls of summoning
 H - 3 scrolls of revelation
 N - 2 scrolls of fear
 U - 3 scrolls of vulnerability
 W - a scroll of poison
Potions
 c - 7 potions of ambrosia
 g - 10 potions of brilliance
 h - 3 potions of heal wounds {@q2}
 k - a potion of might {@q4}
 q - 12 potions of curing {@q1}
 s - 2 potions of resistance {@q6}
 u - 6 potions of haste {@q3}
 B - 2 potions of cancellation
 P - 2 potions of lignification
 S - 2 potions of mutation
 T - 2 potions of magic
 V - 2 potions of berserk rage
 X - 3 potions of attraction
 Z - 3 potions of enlightenment
Miscellaneous
 f - a condenser vane (inert)
 v - a box of beasts (inert)
 G - a phantom mirror
 I - a phial of floods
 J - a piece from Xom's chessboard (15/15)
 R - a lightning rod (4/4)


   Skills:
 + Level 18.6 Fighting
 - Level 5.2 Long Blades
 - Level 14.0 Maces & Flails
 + Level 16.4 Armour
 + Level 17.3 Dodging
 - Level 2.8 Unarmed Combat
 + Level 22.3 Invocations
 - Level 2.9 Shapeshifting


You had 20 spell levels left.
You didn't know any spells.
Your spell library contained the following spells:

 Spells                   Type           Power      Damage    Failure   Level
 Kiss of Death            Conj/Necr      0%         2d5       97%         1
 Necrotise                Necr           0%         1d4       97%         1
 Shock                    Conj/Air       0%         1d3       97%         1
 Slow                     Hex            0%         N/A       97%         1
 Sting                    Tmut/Pois      0%         1d3       97%         1
 Summon Small Mammal      Summ           0%         N/A       97%         1
 Cigotuvi's Dreadful Rot  Necr/Pois/Air  0%         N/A       99%         2
 Ensorcelled Hibernation  Hex/Ice        0%         N/A       99%         2
 Poisonous Vapours        Pois/Air       0%         N/A       99%         2
 Sublimation of Blood     Necr           0%         N/A       99%         2
 Call Canine Familiar     Summ           0%         N/A       100%        3
 Confusing Touch          Hex            0%         N/A       100%        3
 Dazzling Flash           Conj/Hex       0%         N/A       100%        3
 Gell's Gravitas          Tloc           0%         N/A       100%        3
 Hailstorm                Conj/Ice       0%         3d3       100%        3
 Ignite Poison            Fire/Tmut/Pois 0%         N/A       100%        3
 Ozocubu's Armour         Ice            0%         N/A       100%        3
 Portal Projectile        Hex/Tloc       0%         N/A       100%        3
 Summon Guardian Golem    Hex/Summ       0%         N/A       100%        3
 Teleport Other           Tloc           0%         N/A       100%        3
 Vampiric Draining        Necr           0%         2d6       100%        3
 Volatile Blastmotes      Fire/Tloc      0%         2d10      100%        3
 Anguish                  Hex/Necr       0%         N/A       100%        4
 Fulminant Prism          Conj/Hex       0%         3d5       100%        4
 Iskenderun's Mystic Bla  Conj/Tloc      0%         2d3       100%        4
 Leda's Liquefaction      Hex/Erth       0%         N/A       100%        4
 Olgreb's Toxic Radiance  Pois           0%         N/A       100%        4
 Petrify                  Tmut/Erth      0%         N/A       100%        4
 Sticky Flame             Conj/Fire      0%         2d3       100%        4
 Summon Ice Beast         Ice/Summ       0%         N/A       100%        4
 Fireball                 Conj/Fire      0%         3d3       100%        5
 Irradiate                Conj/Tmut      0%         3d11      100%        5
 Summon Forest            Summ/Tloc      0%         N/A       100%        5
 Dispersal                Tloc           0%         N/A       100%        6
 Plasma Beam              Fire/Air       0%         2x1d10    100%        6
 Simulacrum               Ice/Necr       0%         N/A       100%        6
 Summon Cactus Giant      Summ           0%         N/A       100%        6
 Ozocubu's Refrigeration  Ice            0%         4d7       100%        7
 Ignition                 Fire           0%         3d3       100%        8
 Infestation              Necr           0%         N/A       100%        8
 Death's Door             Necr           0%         N/A       100%        9


Dungeon Overview and Level Annotations

Branches:
Dungeon (15/15)            Temple (1/1) D:4            Lair (5/5) D:8
 Shoals (4/4) Lair:2       Spider (4/4) Lair:2        Slime (0/5) Lair:5
    Orc (2/2) D:11            Elf (0/3) Orc:2        Vaults (4/5) D:14
  Crypt (0/3) Vaults:2    Gauntlet (visited)
 Depths: D:15

Altars:
Ashenzari
Cheibriados
Dithmenos
Fedhas
Gozag
Hepliaklqana
Kikubaaqudgha
Makhleb
Nemelex Xobeh
Okawaru
Qazlal
Ru
Sif Muna
Trog
Uskayaw
Vehumet
Wu Jian
Xom
Yredelemnul
Jiyva

Shops:
D:2 ?:   D:7 !   D:12 !   Orc:2 **:[   Shoals:3 :   Shoals:4 [   Vaults:1 :
Vaults:2 :

Portals:
Abyss: D:14

Annotations:
D:14 2 transporters, Xanau's ghost, journeyman FoFi
Lair:1 2 transporters
Lair:4 2 transporters, exclusion: oklob plant, Hubris850's ghost, journeyman DrIE
Spider:4 3 runed translucent doors, benadryl's ghost, adept DrCj


Innate Abilities, Weirdness & Mutations

You are mostly covered in slimy green scales. (AC +3)
A meltable icy envelope protects you from harm. (AC +8)
You are robust. (+10% HP)
A meltable shield of frost defends you. (SH +4)
Spells you cast may paralyse nearby enemies.
Your touch may irresistibly damage your foes and sap their willpower.
[You are very clumsy. (Dex -4)]
[Your body often deteriorates upon taking damage.]
[You are very dopey. (Int -4)]
[Your magical capacity is very low. (-20% MP)]
[Potions cannot restore your health.]
[You sometimes lose the ability to read scrolls when taking damage.]


Message History

The starcursed mass shrieks in your mind.
* * * LOW HITPOINT WARNING * * *
2 starspawn tentacles come into view.
You take 6 damage, and have 27/195 hp.
You now have 7/37 mp.
You sock the starcursed mass! You freeze the starcursed mass.
You touch the starcursed mass!
You sap its willpower!
The starcursed mass is almost destroyed.
You hear a deafening roar!
You hear an angry squeal.
You hear a shout!
The quicksilver dragon breathes dispelling energy at you.
The bolt of dispelling energy hits you but does no damage.
You feel strangely stable.
Your magical effects are unravelling.
A necromancer comes into view. It is wielding a +0 dagger.
A starcursed mass splits.
A chorus of shrieks assaults your mind.
* * * LOW HITPOINT WARNING * * *
You take 7 damage, and have 20/195 hp.
You bludgeon the starcursed mass!! You freeze the starcursed mass.
You destroy the starcursed mass!
Qazlal accepts your kill.
You feel yourself slow down.
You feel a little less mighty now.
You are no longer corroded.
A titan zombie comes into view.
The starspawn tentacle grabs you. The starspawn tentacle constricts you.
* * * LOW HITPOINT WARNING * * *
You take 1 damage, and have 19/195 hp.
The starspawn tentacle's grasp on you weakens, but your attempt to escape fails.
You hear a roar!
The starcursed mass is engulfed in freezing vapours.
The starcursed mass shrieks in your mind.
* * * LOW HITPOINT WARNING * * *
An alligator snapping turtle simulacrum comes into view.
The starspawn tentacle constricts you.
The bunyip howls a warning cry!
You take 5 damage, and have 14/195 hp.
You now have 6/37 mp.
You escape the starspawn tentacle's grasp.
The quicksilver dragon breathes dispelling energy at you.
The bolt of dispelling energy hits you!!
You feel threatened and lose the ability to read scrolls!
You die...

............
........... . #
#........ ...... .
.. ... . .X ..#.
..#.. # # .#####.#
.. . #. #..
#@####.#. .#
......#○.DZ..pZ...
.....xwXw...... ..
.......X..°.#..Z.
.
.............####
...~~.....♣..# #
#..#..#.......# .
#####.....##
#......


You could see a starcursed mass (weak-willed), a quicksilver dragon (catching
breath), a tentacled starspawn, a necromancer, 2 starspawn tentacles, an
alligator snapping turtle simulacrum, a titan zombie and a centaur warrior
skeleton.

Vanquished Creatures
  Sojobo (Vaults:2)
  Bai Suzhen (Vaults:2)
  Jory (Vaults:4)
  Asterion (Spider:2)
  A lich (Vaults:2)
  3 sphinxes
  Polyphemus (Shoals:3)
  A kraken (Shoals:2)
  5 tengu reavers
  A storm dragon (Vaults:1)
  A tentacled starspawn (Abyss:2)
  Agnes (Spider:4)
  Roxanne (Spider:3)
  Ilsuiw (Shoals:4)
  4 fire giants
  13 vault wardens
  7 emperor scorpions
  7 frost giants
  3 ghost moths (Spider:4)
  2 orc warlords
  19 ironbound preservers
  A broodmother (Spider:2)
  A cacodemon (Abyss:2)
  A war gargoyle (Vaults:4)
  3 formless jellyfish
  2 very ugly things
  6 stone giants
  4 ironbound thunderhulks
  A lorocyproca (Abyss:2)
  4 dire elephants (Vaults:4)
  A minotaur (Gauntlet)
  2 crystal guardians
  2 spark wasps (Spider:2)
  10 merfolk impalers
  4 ettins
  12 merfolk javelineers
  2 jiangshi (Vaults:2)
  3 great orbs of eyes
  A deep elf high priest (Vaults:1)
  4 yaktaur captains
  7 vault guards
  2 peacekeepers
  6 catoblepae
  8 entropy weavers
  11 merfolk avatars
  9 ironbound frosthearts
  An alligator snapping turtle (Shoals:4)
  14 centaur warriors
  5 hydras
  A radroach (Spider:3)
  4 ogre magi
  Erica (D:11)
  7 merfolk aquamancers
  2 satyrs
  2 death knights
  15 two-headed ogres
  11 boulder beetles
  12 death yaks
  A tengu warrior (D:15)
  9 demonic crawlers
  A vampire mage (Vaults:2)
  A hell knight (Vaults:3)
  A thrashing horror (Abyss:2)
  3 wretched stars (Abyss:2)
  6 skysharks
  A fire crab (shapeshifter) (D:14)
  2 sun moths
  A fire crab (D:15)
  10 sea snakes
  41 deep trolls
  A shadow wraith (Abyss:2)
  11 pharaoh ants
  13 orb spiders
  5 steelbarb worms
  A lindwurm (shapeshifter) (D:15)
  A glowing orange brain (Vaults:1)
  Pikel (D:4)
  7 deep elf pyromancers
  A phantasmal warrior (Vaults:4)
  3 lindwurms
  8 wizards
  15 harpies
  10 ironbound convokers
  A necromancer (D:13)
  A deep elf archer (D:15)
  11 orc knights
  18 wolf spiders
  13 fauns
  A wolf spider (shapeshifter) (Vaults:2)
  34 ugly things
  25 cyclopes
  14 manticores
  A large abomination (Abyss:2)
  15 elephants
  A moth of wrath (Spider:3)
  10 merfolk sirens
  A black mamba (shapeshifter) (D:14)
  7 vault sentinels
  4 black mambas
  3 torpor snails
  14 water nymphs
  4 orange demons (Abyss:2)
  9 cane toads
  A minotaur zombie (Gauntlet)
  4 gargoyles
  3 rime drakes
  4 komodo dragons
  29 yaktaurs
  A freezing wraith (Abyss:2)
  3 efreet
  16 starcursed masses (Abyss:2)
  An ancient zyme (Abyss:2)
  11 meliai
  12 trolls
  3 wind drakes
  A polar bear (Lair:4)
  A meliai (shapeshifter) (D:14)
  36 merfolk
  A hellwing (Abyss:2)
  A wolf spider simulacrum (D:15)
  A tyrant leech (Gauntlet)
  2 hornets
  37 tarantellas
  10 blink frogs
  Grinder (D:3)
  14 snapping turtles
  8 dream sheep
  A raiju (Abyss:2)
  Sigmund (D:6)
  22 slime creatures
  5 wraiths
  3 spriggans
  A spriggan (shapeshifter) (D:15)
  4 shadows
  3 ynoxinuls (Abyss:2)
  38 jumping spiders
  13 water elementals
  3 wyverns
  20 culicivoras
  A chaos spawn (Abyss:2)
  7 basilisks
  48 yaks
  72 redbacks
  9 vampire mosquitoes
  4 swamp worms (Gauntlet)
  A neqoxec (Abyss:2)
  5 wargs
  Menkaure (D:6)
  An acid dragon (D:6)
  A water moccasin (shapeshifter) (D:15)
  15 water moccasins
  A floating eye (shapeshifter) (D:15)
  12 orc warriors
  A sky beast (D:8)
  3 black bears
  5 ice beasts
  22 ogres
  4 small abominations (Abyss:2)
  16 centaurs
  7 wolves
  A lemure (D:4)
  A phantom (D:5)
  3 kobold brigands
  10 bullfrogs
  A gnoll sergeant (D:8)
  3 scorpions
  A hornet simulacrum (D:15)
  9 killer bees
  14 howler monkeys
  4 electric eels
  A crimson imp (Abyss:2)
  A jelly (Lair:4)
  3 gnoll boudas
  12 orc priests
  A hound (D:7)
  Jessica (D:3)
  5 iguanas
  A sleepcap (D:4)
  16 orc wizards
  A polar bear simulacrum (D:13)
  7 hell rats
  A yak simulacrum (D:13)
  4 wolf simulacra (D:13)
  19 gnolls
  10 adders
  5 shadow imps
  5 white imps
  2 ufetubi
  2 dart slugs
  A worm (D:2)
  55 orcs
  2 ball pythons
  2 endoplasms
  2 giant cockroaches
  10 goblins
  6 hobgoblins
  2 jackals (D:5)
  5 quokkas
  4 bats
  5 frilled lizards
  15 kobolds
  12 rats
  5 river rat simulacra (D:13)
  2 tentacles (Shoals:2)
1421 creatures vanquished.

Vanquished Creatures (collateral kills)
  A manticore (Shoals:2)
1 creature vanquished.

Vanquished Creatures (others)
  An ogre mage (D:15)
  A shining eye (shapeshifter) (D:15)
  A culicivora (Spider:3)
  4 starspawn tentacles (Abyss:2)
  2 tentacles (Shoals:2)
9 creatures vanquished.

Grand Total: 1431 creatures vanquished

Notes
Turn   | Place    | Note
-------+----------+-------------------------------------------
     0 | D:1      | Ofeo the Demonspawn Shapeshifter began the quest for the
                  | Orb.
     0 | D:1      | Reached XP level 1. HP: 15/15 MP: 1/1
   468 | D:1      | Found a faded altar of an unknown god.
   493 | D:1      | Gained mutation: Your touch may inflict minor irresistible
                  | damage on your foes. [demonic ancestry]
   493 | D:1      | Reached XP level 2. HP: 21/21 MP: 2/2
  1076 | D:2      | Found Melay's Book Emporium.
  1267 | D:2      | Gained mutation: A meltable shield of frost defends you.
                  | (SH +4) [demonic ancestry]
  1267 | D:2      | Reached XP level 3. HP: 22/27 MP: 3/3
  1409 | D:2      | Found Nytufysh's Magic Scroll Shoppe.
  2382 | D:3      | Reached skill level 1 in Long Blades
  2534 | D:3      | Reached XP level 4. HP: 33/33 MP: 4/4
  2872 | D:3      | Reached XP level 5. HP: 38/39 MP: 5/5
  3000 | D:3      | Noticed Jessica
  3004 | D:3      | Killed Jessica
  3124 | D:3      | Noticed Grinder
  3128 | D:3      | Paralysed by Grinder for 5 turns
  3141 | D:3      | Killed Grinder
  3142 | D:3      | Reached skill level 1 in Maces & Flails
  3142 | D:3      | Reached XP level 6. HP: 24/47 MP: 6/6
  3599 | D:4      | Noticed Pikel
  3611 | D:4      | Killed Pikel
  3612 | D:4      | Gained mutation: Your touch may inflict irresistible damage
                  | on your foes. [demonic ancestry]
  3612 | D:4      | Reached XP level 7. HP: 21/55 MP: 7/7
  4162 | D:4      | Found a staircase to the Ecumenical Temple.
  4207 | Temple   | Entered the Ecumenical Temple
  4281 | Temple   | Became a worshipper of Qazlal Stormbringer
  4512 | D:4      | Gained mutation: Your touch may irresistibly damage your
                  | foes and sap their willpower. [demonic ancestry]
  4512 | D:4      | Reached XP level 8. HP: 48/61 MP: 8/8
  4722 | D:5      | Entered Level 5 of the Dungeon
  4946 | D:2      | Bought a scroll of brand weapon for 133 gold pieces
  5278 | D:5      | Reached skill level 5 in Fighting
  6075 | D:6      | Reached skill level 5 in Dodging
  6625 | D:6      | Noticed Menkaure
  6633 | D:6      | Killed Menkaure
  6634 | D:6      | Reached skill level 5 in Long Blades
  6746 | D:6      | Noticed Sigmund
  6976 | D:6      | Killed Sigmund
  6977 | D:6      | Reached XP level 9. HP: 51/69 MP: 4/9
  7371 | D:7      | Reached * piety under Qazlal
  7380 | D:7      | Reached skill level 1 in Armour
  7387 | D:7      | Reached skill level 5 in Maces & Flails
  7856 | D:7      | Found a radiant altar of Vehumet.
  7856 | D:7      | Found a shadowy altar of Dithmenos.
  8117 | D:7      | Found Sirghof's Distillery.
  8124 | D:7      | Bought a potion of haste for 160 gold pieces
  8343 | D:7      | Bought a potion of might for 64 gold pieces
  8485 | D:7      | Reached skill level 1 in Invocations
  8600 | D:8      | Found a staircase to the Lair.
  8601 | D:8      | Noticed a death yak
  8603 | D:8      | Noticed a death yak
  8605 | D:8      | Noticed a death yak
  8657 | D:8      | Reached skill level 2 in Invocations
  9057 | D:8      | Reached skill level 3 in Invocations
  9475 | D:8      | Found a shimmering altar of Xom.
  9475 | D:8      | Found a shimmering altar of Xom.
  9475 | D:8      | Found a shimmering altar of Xom.
  9475 | D:8      | Noticed a goliath frog
  9476 | D:8      | Found a shimmering altar of Xom.
  9476 | D:8      | Found a shimmering altar of Xom.
  9504 | D:8      | Noticed a bunyip
  9535 | D:8      | Noticed a boulder beetle
  9538 | D:8      | Noticed a faun
  9765 | D:9      | Reached ** piety under Qazlal
  9794 | D:9      | Identified the +9 flail of the Orcish Mines {freeze, Fly
                  | rC+ Str+2 Stlth-}
  9928 | D:9      | Gained mutation: A meltable icy envelope protects you from
                  | harm. (AC +8) [demonic ancestry]
  9928 | D:9      | Reached XP level 10. HP: 60/79 MP: 7/12
  9949 | D:9      | Reached skill level 4 in Invocations
 10697 | D:10     | Entered Level 10 of the Dungeon
 10944 | D:10     | Reached skill level 5 in Invocations
 11165 | D:10     | Noticed a centaur warrior
 11171 | D:10     | Killed a centaur warrior
 11329 | D:10     | Noticed a gargoyle
 11334 | D:10     | Killed a gargoyle
 11810 | D:10     | Reached skill level 6 in Invocations
 12119 | D:11     | Found a staircase to the Orcish Mines.
 12154 | D:11     | Noticed a gargoyle
 12161 | D:11     | Killed a gargoyle
 12253 | D:11     | Found an opulent altar of Gozag.
 12356 | D:11     | Reached XP level 11. HP: 86/86 MP: 15/15
 12357 | D:11     | Reached *** piety under Qazlal
 12874 | D:11     | Reached skill level 5 in Armour
 12912 | D:11     | Noticed a boulder beetle
 12936 | D:11     | Noticed Erica
 12937 | D:11     | Killed a boulder beetle
 13351 | D:9      | Killed a death yak
 13352 | D:9      | Reached skill level 7 in Invocations
 13504 | D:8      | Killed a death yak
 13583 | Lair:1   | Entered Level 1 of the Lair of Beasts
 13646 | Lair:1   | Noticed a skyshark
 13658 | Lair:1   | Killed a skyshark
 14243 | Lair:1   | Found a transporter.
 14298 | Lair:1   | Found a transporter.
 14993 | Lair:2   | Reached skill level 8 in Invocations
 15228 | Lair:2   | Found a hole to the Spider Nest.
 15510 | Lair:2   | Identified the +5 plate armour of Valiance {*Corrode rN++
                  | MP+9 Stlth-}
 16206 | Lair:2   | Gained mutation: A meltable icy envelope protects you from
                  | harm. (AC +8) [demonic ancestry]
 16206 | Lair:2   | Reached XP level 12. HP: 96/96 MP: 18/18
 16352 | Lair:2   | Found a staircase to the Shoals.
 16572 | Lair:3   | Noticed a catoblepas
 16588 | Lair:3   | Killed a catoblepas
 16596 | Lair:3   | Reached skill level 9 in Invocations
 16627 | Lair:3   | Noticed a boulder beetle
 16646 | Lair:3   | Killed a boulder beetle
 16757 | Lair:3   | Reached **** piety under Qazlal
 16872 | Lair:3   | Found a gate leading to a gauntlet.
 16881 | Gauntlet | Entered a Gauntlet
 16881 | Gauntlet | Found a large runed translucent door.
 16881 | Gauntlet | Found a large runed translucent door.
 16881 | Gauntlet | Found a large runed translucent door.
 16881 | Gauntlet | Found a large runed translucent door.
 16881 | Gauntlet | Found a large runed translucent door.
 16881 | Gauntlet | Found a large runed translucent door.
 16881 | Gauntlet | Found a runed translucent door.
 16881 | Gauntlet | Found a transporter.
 16881 | Gauntlet | Found a runed translucent door.
 16881 | Gauntlet | Found a large runed translucent door.
 16881 | Gauntlet | Found a large runed translucent door.
 16881 | Gauntlet | Found a large runed translucent door.
 16881 | Gauntlet | Found a large runed translucent door.
 16881 | Gauntlet | Found a large runed translucent door.
 16881 | Gauntlet | Found a large runed translucent door.
 16939 | Gauntlet | Found a large runed translucent door.
 16939 | Gauntlet | Found a large runed translucent door.
 16939 | Gauntlet | Found a large runed translucent door.
 16939 | Gauntlet | Found a large runed translucent door.
 16943 | Gauntlet | Found a transporter.
 16967 | Gauntlet | Found a runed translucent gate.
 16968 | Gauntlet | Found a runed translucent gate.
 16981 | Gauntlet | Found a transporter.
 16995 | Gauntlet | Found the +9 staff of Olgreb {rPois∞}
 16997 | Gauntlet | Found a transporter.
 17001 | Gauntlet | Found a transporter.
 17022 | Gauntlet | Found a transporter.
 17035 | Gauntlet | Found a transporter.
 17043 | Gauntlet | Found a transporter.
 17047 | Gauntlet | Found a transporter.
 17049 | Gauntlet | Found a runed translucent gate.
 17089 | Gauntlet | Found a transporter.
 17091 | Gauntlet | Found a transporter.
 17112 | Gauntlet | Found a transporter.
 17113 | Gauntlet | Found the +3 pair of mountain boots {steadfast, rC+}
 17174 | Gauntlet | Reached skill level 10 in Fighting
 17188 | Gauntlet | Identified the ring of Music {Fire Contam rPois rN+ SInv}
 17238 | Gauntlet | Reached skill level 10 in Invocations
 17554 | Gauntlet | Identified the +1 spear of Summer {freeze, Drain rC++ rN+}
 17554 | Gauntlet | Noticed a minotaur
 17563 | Gauntlet | Killed a minotaur
 18521 | Lair:4   | Gained mutation: You are partially covered in slimy green
                  | scales. (AC +2) [demonic ancestry]
 18521 | Lair:4   | Reached XP level 13. HP: 90/104 MP: 21/21
 18725 | Lair:4   | Reached skill level 10 in Dodging
 18740 | Lair:4   | Reached skill level 11 in Invocations
 18748 | Lair:4   | Found a transporter.
 18769 | Lair:4   | Noticed Hubris850's ghost (journeyman DrIE)
 18914 | Lair:4   | Found a transporter.
 19319 | Lair:5   | Entered Level 5 of the Lair of Beasts
 19690 | Lair:5   | Reached skill level 10 in Maces & Flails
 19815 | Lair:5   | Found a viscous altar of Jiyva.
 19816 | Lair:5   | Found a staircase to the Slime Pits.
 20003 | Lair:5   | Reached skill level 12 in Invocations
 20873 | Lair:5   | Found the +8 frozen axe "Frostbite" {freeze, freezing
                  | cloud, *Noise Fly rC+}
 20918 | Lair:5   | Reached XP level 14. HP: 92/113 MP: 23/23
 21387 | D:11     | Killed Erica
 21928 | D:11     | Identified the +1 short sword of the Hidden Vale
                  | {antimagic, Dex+3}
 22154 | D:12     | Found a shadowy altar of Dithmenos.
 22269 | D:12     | Found Aghoxkiu's Distillery.
 22927 | Orc:1    | Entered Level 1 of the Orcish Mines
 22964 | Orc:1    | Reached ***** piety under Qazlal
 23403 | Orc:2    | Entered Level 2 of the Orcish Mines
 23493 | Orc:2    | Reached skill level 13 in Invocations
 23576 | Orc:2    | Found a staircase to the Elven Halls.
 23618 | Orc:2    | Noticed a stone giant
 23623 | Orc:2    | Killed a stone giant
 24016 | Orc:2    | Found Paeget's Book Shop.
 24021 | Orc:2    | Found Xehamm's General Store.
 24032 | Orc:2    | Found Toivat's Antique Armour Boutique.
 24033 | Orc:2    | Found Fastram's Assorted Antiques.
 24044 | Orc:2    | Reached skill level 10 in Armour
 24093 | Orc:2    | Reached ****** piety under Qazlal
 24095 | Orc:2    | Bought 3 scrolls of teleportation for 162 gold pieces
 24106 | Orc:2    | Bought a scroll of fear for 148 gold pieces
 25203 | D:13     | Reached skill level 14 in Invocations
 25487 | D:14     | Reached XP level 15. HP: 122/122 MP: 25/25
 25965 | D:14     | Found a gate to the Vaults.
 26006 | D:14     | Identified the +0 ring mail of Rotation {rPois Str+4}
 26251 | D:14     | Noticed Xanau's ghost (journeyman FoFi)
 26251 | D:14     | Noticed a daeva
 26253 | D:14     | Found a transporter.
 26272 | D:14     | Found a one-way gate to the infinite horrors of the Abyss.
 26488 | D:14     | Found a transporter.
 26631 | D:15     | Entered Level 15 of the Dungeon
 26891 | D:15     | Found a shadowy altar of Dithmenos.
 26929 | D:15     | Reached skill level 15 in Invocations
 27008 | D:15     | Found a stormy altar of Qazlal.
 27124 | D:15     | Identified the staff of the Unspeakable One {Int+5 Conj}
 27335 | D:15     | Noticed a fire giant
 27344 | D:15     | Killed a fire giant
 27746 | D:15     | Reached XP level 16. HP: 125/131 MP: 27/27
 27921 | D:15     | Gained mutation: [You are dopey. (Int -2)] [a shining eye]
 28069 | D:15     | Got the Excursus on Conjuration
 28584 | D:15     | Noticed a sphinx
 28586 | D:15     | Paralysed by a sphinx for 2 turns
 28596 | D:15     | Killed a sphinx
 28651 | D:15     | Identified the staff of Evolution {Fly rF+ MP+9 Fire}
 29079 | D:2      | Bought a scroll of enchant armour for 105 gold pieces
 29079 | D:2      | Bought a scroll of enchant weapon for 105 gold pieces
 29079 | D:2      | Bought a scroll of poison for 56 gold pieces
 29079 | D:2      | Bought a scroll of enchant armour for 105 gold pieces
 29231 | D:7      | Bought 2 potions of berserk rage for 160 gold pieces
 29231 | D:7      | Bought a potion of attraction for 48 gold pieces
 29231 | D:7      | Bought a potion of cancellation for 128 gold pieces
 29596 | Spider:1 | Entered Level 1 of the Spider Nest
 30167 | Spider:1 | Reached skill level 16 in Invocations
 31756 | Spider:2 | Noticed Asterion
 31768 | Spider:2 | Killed Asterion
 33429 | Spider:3 | Noticed Roxanne
 33573 | Spider:3 | Reached XP level 17. HP: 126/140 MP: 29/29
 34102 | Spider:3 | Reached skill level 17 in Invocations
 35154 | Spider:3 | Killed Roxanne
 35226 | Spider:4 | Entered Level 4 of the Spider Nest
 36301 | Spider:4 | Found a runed translucent gate.
 36302 | Spider:4 | Found a runed translucent gate.
 36302 | Spider:4 | Found a runed translucent gate.
 36303 | Spider:4 | Noticed benadryl's ghost (adept DrCj)
 36377 | Spider:4 | Reached skill level 15 in Fighting
 37257 | Spider:4 | Noticed Agnes
 37262 | Spider:4 | Killed Agnes
 38454 | Spider:4 | Got a gossamer rune of Zot
 38660 | Shoals:1 | Entered Level 1 of the Shoals
 38709 | Shoals:1 | Reached skill level 18 in Invocations
 39260 | Shoals:1 | Gained mutation: You are mostly covered in slimy green
                  | scales. (AC +3) [demonic ancestry]
 39260 | Shoals:1 | Reached XP level 18. HP: 105/149 MP: 28/31
 40471 | Shoals:2 | Identified the +3 ring mail "Muemosk" {rPois Will- rCorr
                  | Dex+3}
 41304 | Shoals:2 | Found a runed translucent door.
 41643 | Shoals:2 | Acquired 1217 gold pieces
 42113 | Shoals:3 | Reached skill level 15 in Dodging
 42343 | Shoals:3 | Reached skill level 19 in Invocations
 42447 | Shoals:3 | Found Doqogi's Book Emporium.
 43072 | Shoals:3 | Noticed Polyphemus
 43092 | Shoals:3 | Killed Polyphemus
 43871 | Shoals:4 | Entered Level 4 of the Shoals
 43874 | Shoals:4 | Noticed Ilsuiw
 44004 | Shoals:4 | Killed Ilsuiw
 44452 | Shoals:4 | Found Ollo's Antique Armour Shop.
 44466 | Shoals:4 | Bought a glowing helmet for 300 gold pieces
 44930 | Shoals:4 | Gained mutation: You are robust. (+10% HP) [demonic
                  | ancestry]
 44930 | Shoals:4 | Reached XP level 19. HP: 153/174 MP: 32/32
 44943 | Shoals:4 | Got Nuge Toul's Enchiridion on Massed Calefaction
 45007 | Shoals:4 | Identified the +7 dagger of Amortisation {antimagic, Dex+3}
 45981 | Shoals:4 | Got a barnacled rune of Zot
 46376 | Vaults:1 | Entered Level 1 of the Vaults
 47398 | Vaults:1 | Reached skill level 20 in Invocations
 47458 | Vaults:1 | Found a huge runed gate.
 47458 | Vaults:1 | Found a huge runed gate.
 47458 | Vaults:1 | Found a huge runed gate.
 47458 | Vaults:1 | Found a huge runed gate.
 47458 | Vaults:1 | Found a huge runed gate.
 47458 | Vaults:1 | Found a huge runed gate.
 47458 | Vaults:1 | Found a huge runed gate.
 47459 | Vaults:1 | Found a huge runed gate.
 47459 | Vaults:1 | Found a huge runed gate.
 47459 | Vaults:1 | Found a huge runed gate.
 47489 | Vaults:1 | Got the Directory of Limited Liability
 47618 | Vaults:1 | Got the Dissertation on the Traveller
 48222 | Vaults:1 | Found Yckus's Book Shoppe.
 49009 | Vaults:2 | Reached skill level 15 in Armour
 49278 | Vaults:2 | Paralysed by a great orb of eyes for 5 turns
 49548 | Vaults:2 | Identified the +6 long sword "Hydra's Regret" {holy, Dex+3}
 49600 | Vaults:2 | Identified the +1 arbalest of Nightmares {penet, rElec rC+}
 49764 | Vaults:2 | Noticed Bai Suzhen
 49783 | Vaults:2 | Killed Bai Suzhen
 49791 | Vaults:2 | Noticed Sojobo
 50006 | Vaults:2 | Found a staircase to the Crypt.
 50389 | Vaults:2 | Identified the +4 ring mail "Kacom" {Str-2 Dex+5}
 50460 | Vaults:2 | Gained mutation: Spells you cast may paralyse adjacent
                  | enemies. [demonic ancestry]
 50460 | Vaults:2 | Reached XP level 20. HP: 182/184 MP: 34/34
 50545 | Vaults:2 | Reached skill level 21 in Invocations
 50652 | Vaults:2 | Killed Sojobo
 51405 | Vaults:2 | Found Tytif's Book Boutique.
 51679 | Vaults:3 | Found a flickering gateway to a bazaar.
 51687 | Bazaar   | Entered a bazaar
 51687 | Bazaar   | Found Luibyumos's Distillery.
 51687 | Bazaar   | Found Jemar's Antique Armour Boutique.
 51687 | Bazaar   | Found Labosily's Book Shop.
 51687 | Bazaar   | Found Sauhyze's General Store.
 51778 | Bazaar   | Bought a phial of floods for 440 gold pieces
 51784 | Bazaar   | Bought a potion of mutation for 80 gold pieces
 51784 | Bazaar   | Bought a potion of mutation for 80 gold pieces
 51784 | Bazaar   | Bought a potion of might for 40 gold pieces
 51784 | Bazaar   | Bought a potion of enlightenment for 50 gold pieces
 51784 | Bazaar   | Bought a potion of curing for 30 gold pieces
 51788 | Bazaar   | Bought a pair of polished boots for 247 gold pieces
 51788 | Bazaar   | Identified the +0 pair of boots of Courage {*Slow Fly rF+
                  | rC+} (You bought it in a shop in a bazaar)
 54805 | Vaults:4 | Reached skill level 22 in Invocations
 54830 | Vaults:4 | Noticed Jory
 55102 | Vaults:4 | Identified the +0 robe of Sezeick {rN+++ Int+4}
 55103 | Vaults:4 | Identified the +8 plate armour of the Guardian {Stlth+}
 55223 | Vaults:4 | Killed Jory
 55224 | Abyss:2  | Cast into level 2 of the Abyss (a wizard)
 55235 | Abyss:2  | Found a corrupted altar of Lugonu.
 55262 | Abyss:2  | Paralysed by accursed screaming for 1 turns
 55416 | Abyss:2  | Found a corrupted altar of Lugonu.
 55471 | Abyss:2  | Gained mutation: Spells you cast may paralyse nearby
                  | enemies. [demonic ancestry]
 55471 | Abyss:2  | Reached XP level 21. HP: 126/195 MP: 28/28
 55548 | Abyss:2  | Killed from afar by a quicksilver dragon

Illustrated notes

Levels and vault maps discovered:
D:1:      evilmike_arrival_hilbert_curve, layout_loops_ring,
          shapermc_ecumenical_altar_pompeii, serial_park_tiny_1
D:2:      layout_basic, serial_shops, nicolae_shop_crystal, shop
D:3:      layout_basic, uniq_grinder, uniq_jessica
D:4:      black_bear_nest_2, layout_basic, minmay_temple_entry_hall, uniq_pikel
D:5:      layout_basic
D:6:      minmay_klotski, layout_cave_pools, roderic_serpentine_path,
          uniq_menkaure, uniq_sigmund
D:7:      layout_basic, gammafunk_temple_overflow_elements, serial_shops,
          nicolae_square_shop
D:8:      layout_rooms, xom_shifter_show, dpeg_lair_monsters, kennysheep_nub
D:9:      layout_cave_pools
D:10:     layout_irregular_city, minivault_26
D:11:     layout_basic, orc_david_3,
          nicolae_gozag_cash_rules_everything_around_me, uniq_erica
D:12:     layout_small_grid, serial_shops, nicolae_take_the_stairs,
          nicolae_dithmenos_through_a_glass_darkly
D:13:     layout_roguey, drop_trap, eino_house_with_fridge
D:14:     layout_basic, lightli_vaults_fourway_checkpoint,
          gammafunk_ghost_abyssal_escape
D:15:     hangedman_slaughterboxes
Temple:   compressed_dpeg_triangle_lava_temple
Lair:1:   gammafunk_worm_tunnel, layout_loops_ring,
          chequers_serial_rivers_micro_c, cheibrodos_lair_reptile_den
Lair:2:   layout_chaotic_city, elwin_shoals_entry_rooms,
          spider_nest_entry_web_field, wad_woods_road_03, serial_bayou_lake_a
Lair:3:   layout_gridlike, gauntlet_entry_generic
Lair:4:   layout_long_grid, nzn_ghost_randoct
Lair:5:   evilmike_catoblepas_cave, layout_gridlike, minmay_slime_entry_pillars,
          st_stairs_12, wad_woods_02
Shoals:1: layout_shoals
Shoals:2: nicolae_shoals_offshore_bank_account, layout_shoals, st_sunken_huts
Shoals:3: layout_shoals, serial_shops, nicolae_shop_crystal, st_sunken_temple,
          uniq_polyphemus
Shoals:4: shoals_end_simple, layout_shoals, shoal_ilsuiw, serial_shops,
          nicolae_square_shop
Spider:1: layout_spider_delve
Spider:2: layout_spider_delve, nicolae_spider_paper_wasps,
          hangedman_spider_tarantella_strand, uniq_asterion
Spider:3: layout_cave_pods, uniq_roxanne
Spider:4: grunt_spider_rune_circles, ebering_ghost_rock_garden, uniq_agnes
Orc:1:    layout_diamond_mine
Orc:2:    st_orc_open, layout_caves
Vaults:1: vaults_room_grid, nicolae_vaults_tetromino_Z_1,
          hangedman_vaults_cutoff, nicolae_vaults_cochlea, door_vault,
          nicolae_vaults_circle_grid_a, nicolae_vaults_little_squares_4,
          vaults_dpeg_ring, layout_vaults_chaotic_city, serial_shops, shop
Vaults:2: nicolae_vaults_door_testing_chamber, vaults_mumra_minichess_inversion,
          nicolae_vaults_shipping_containers_2, nicolae_vaults_yaktaur_gun_rack,
          minmay_crypt_entry_simple_plaza, nicolae_vaults_ninety_degrees,
          nicolae_vaults_layer_cake_slice, nicolae_vaults_more_shelving_1,
          vaults_room_door_ring, ontoclasm_vaults_spin,
          nicolae_vaults_layer_cake_slice, ontoclasm_vaults_ligature,
          layout_vaults_omnicross, serial_shops, nicolae_book_shop_shelving,
          uniq_bai_suzhen, uniq_sojobo
Vaults:3: nicolae_vaults_hexular_roomagon, ontoclasm_vaults_gateway,
          nicolae_vaults_border_crossing, nicolae_vaults_sesquioval_fish,
          nicolae_vaults_closet_pinwheel_1, nicolae_vaults_storage_room_glass,
          ontoclasm_vaults_shuriken, nicolae_vaults_diagonal_hallway_7,
          nicolae_vaults_little_guard_posts, layout_vaults_quadrants,
          serial_shops, bzr_entry_safe
Vaults:4: nicolae_vaults_six-pack, ontoclasm_vaults_fault, vaults_dpeg_spiral,
          st_octagons_1, ontoclasm_vaults_ring_large, ontoclasm_vaults_hangar,
          nicolae_vaults_rhombus_6, nicolae_vaults_cornered_office,
          nicolae_vaults_closet_pinwheel_4, nicolae_vaults_wine_cellar,
          v_alt_pattern_3, nicolae_vaults_heart-shaped_vault,
          layout_vaults_ring, uniq_jory, uniq_mennas
Abyss:2:  base: Lair:2, evilmike_abyss_exit_glass

Skill      XL: |  1  2  3  4  5  6  7  8  9 10 11 12 13 14 15 16 17 18 19 20 |
---------------+-------------------------------------------------------------+-----
Dodging        | 2 3 4 5 6 7 8 9 10 11 12 13 14 15 16 17 | 17.3
Fighting       | 2 3 4 5 7 8 9 10 11 12 13 14 15 16 17 18 | 18.6
Long Blades    | 1 2 3 4 5 |  5.2
Maces & Flails | 1 3 4 5 7 8 9 10 11 12 13 14 | 14.0
Armour         | 3 4 6 7 9 10 11 12 13 14 15 16 | 16.4
Invocations    | 3 6 8 10 12 14 15 16 18 19 20 22 | 22.3
Unarmed Combat | |  2.8
Shapeshifting  | |  2.9

Action                     |  1- 3 |  4- 6 |  7- 9 | 10-12 | 13-15 | 16-18 | 19-21 || total
---------------------------+-------+-------+-------+-------+-------+-------+-------++-------
  Melee: Long sword        |    47 |       |       |       |       |       |       ||    47
         Touch             |     7 |    14 |    44 |    90 |   195 |   337 |   310 ||   997
         Halberd           |    26 |    26 |       |       |       |       |       ||    52
         Flail             |       |    52 |   247 |   410 |   905 |  1579 |  1210 ||  4403
         Punch             |       |       |     3 |    11 |    26 |    47 |    40 ||   127
 Invoke: Elemental Force   |       |       |       |     2 |       |     1 |     1 ||     4
         Upheaval          |       |       |       |       |     9 |    23 |    11 ||    43
         Disaster Area     |       |       |       |       |       |     1 |     1 ||     2
  Evoke: Wand              |     1 |     3 |       |     9 |     1 |     2 |     6 ||    22
         Box of beasts     |       |       |       |       |     1 |       |     1 ||     2
         Phial of floods   |       |       |       |       |       |       |     1 ||     1
         Condenser vane    |       |       |       |       |       |       |     1 ||     1
    Use: Scroll            |     1 |     3 |     8 |    12 |     3 |     9 |     7 ||    43
         Potion            |       |     2 |     1 |     8 |       |     8 |     2 ||    21
   Stab: Petrified         |       |       |       |     7 |       |     4 |       ||    11
         Distracted        |       |       |       |       |     2 |     1 |     1 ||     4
         Paralysed         |       |       |       |       |       |     1 |     5 ||     6
 Armour: Leather armour    |     5 |       |       |       |       |       |       ||     5
         Ring mail         |     7 |    14 |    21 |       |       |       |       ||    42
         Scale mail        |       |       |    82 |   112 |       |       |       ||   194
         Plate armour      |       |       |       |   133 |   464 |   957 |   580 ||  2134
  Dodge: Dodged            |    45 |    44 |   162 |   178 |   341 |   900 |   542 ||  2212
         Repelled          |       |       |       |       |     6 |     9 |     8 ||    23
  Block: Other             |     2 |    13 |    93 |   145 |   416 |   930 |   547 ||  2146
         Form:             |       |       |       |     1 |       |       |       ||     1

Table legend: (Time is in decaauts)
 A = Elapsed time spent in this place.
 B = Non-inter-level travel time spent in this place.
 C = Inter-level travel time spent in this place.
 D = Time resting spent in this place.
 E = Time spent auto-exploring this place.
 F = Levels seen in this place.
 G = Mean time per level.
                   A        B        C        D        E       F      G
               +--------+--------+--------+--------+--------+-----+--------+
         Total |  54849 |  51303 |   3546 |   9992 |  32252 |  38 | 1443.4 |
       Dungeon |  21150 |  19157 |   1993 |   3245 |  12974 |  15 | 1410.0 |
        Temple |     83 |     66 |     17 |      0 |      0 |   1 |   83.0 |
          Lair |   7244 |   6707 |    537 |    960 |   4471 |   5 | 1448.8 |
        Shoals |   7057 |   6909 |    148 |   1639 |   3972 |   4 | 1764.2 |
   Spider Nest |   9020 |   8453 |    567 |   2400 |   4645 |   4 | 2255.0 |
  Orcish Mines |   1439 |   1371 |     68 |      0 |   1110 |   2 |  719.5 |
        Vaults |   7682 |   7469 |    213 |   1412 |   4746 |   4 | 1920.5 |
         Abyss |    298 |    298 |      0 |     37 |      0 |   1 |  298.0 |
        Bazaar |    109 |    109 |      0 |      0 |     94 |   1 |  109.0 |
      Gauntlet |    763 |    763 |      0 |    299 |    240 |   1 |  763.0 |
               +--------+--------+--------+--------+--------+-----+--------+

Top non-repeatable levels by time:
Spider:3: 3037 daAuts
Spider:2: 2442 daAuts
Vaults:2: 2418 daAuts
Vaults:3: 2131 daAuts
    D:15: 2118 daAuts
Shoals:3: 2086 daAuts
Spider:4: 2040 daAuts
    D:11: 1881 daAuts
     D:7: 1852 daAuts
    D:10: 1845 daAuts
Vaults:1: 1816 daAuts
Shoals:4: 1760 daAuts
Shoals:2: 1745 daAuts
  Lair:2: 1742 daAuts
  Lair:1: 1691 daAuts
